 Dungeon Crawl Stone Soup version 0.20.1 (webtiles) character file.

431 vishdafish the Shield-Bearer (level 6, -6/39 HPs)
             Began as a Gargoyle Fighter on July 2, 2017.
             Was an Initiate of Cheibriados.
             Mangled by Menkaure (9 damage)
             ... on level 5 of the Dungeon.
             The game lasted 00:04:35 (2878 turns).

vishdafish the Shield-Bearer (Gargoyle Fighter)     Turns: 2878, Time: 00:04:35

Health: -6/39      AC: 15    Str: 22    XL:     6   Next: 99%
Magic:  6/6        EV:  7    Int:  9    God:    Cheibriados [......]
Gold:   188        SH: 10    Dex: 11    Spells: 5/5 levels left

rFire    . . .     SeeInvis .   a - +0 flail
rCold    . . .     Gourm    .   c - +0 shield
rNeg     + . .     Faith    .   b - +0 scale mail
rPois    ∞         Spirit   .   m - +0 helmet
rElec    +         Reflect  .   (no cloak)
rCorr    .         Harm     .   g - +1 pair of gloves
MR       .....                  (no boots)
Stlth    ..........             (no amulet)
Regen    0.2/turn               (no ring)
MPRegen  0.1/turn               (no ring)

@: very slightly contaminated, invisible, very slow
A: negative energy resistance 1, electricity resistance, unbreathing,
petrification resistance, rot immunity, AC +4
a: Bend Time, Renounce Religion


You were on level 5 of the Dungeon.
You worshipped Cheibriados.
Cheibriados was noncommittal.
You were not hungry.

You visited 1 branch of the dungeon, and saw 5 of its levels.

You collected 188 gold pieces.

Inventory:

Hand Weapons
 a - a +0 flail (weapon)
Armour
 b - a +0 scale mail (worn)
 c - a +0 shield (worn)
 g - a +1 pair of gloves (worn)
 m - a +0 helmet (worn)
Wands
 n - a wand of flame (23/48)
 r - a wand of polymorph (9/24)
Scrolls
 d - a scroll of recharging {unknown}
 i - 6 scrolls of remove curse {unknown}
Potions
 h - a potion of magic
 j - 2 potions of mutation
 l - 2 potions of curing
 o - 3 potions of flight
 p - a potion of ambrosia {unknown}
 s - a potion of lignification {unknown}
 t - a potion of berserk rage {unknown}
Comestibles
 f - 3 bread rations
 q - 3 fruits
 u - 2 chunks of flesh


   Skills:
 + Level 4.6 Fighting
 * Level 4.4 Maces & Flails
 + Level 4.7 Armour
 - Level 0.1 Dodging
 + Level 5.1 Shields


You had 5 spell levels left.
You didn't know any spells.

Dungeon Overview and Level Annotations

Branches:
Dungeon (5/15)
 Temple: D:4-7

Altars:
Cheibriados

Annotations:
D:5 Menkaure


Innate Abilities, Weirdness & Mutations

You are resistant to torment.
Your stone body is resilient. (AC +4)
You are immune to poison.
You resist negative energy. (rN+)
You are resistant to electric shocks. (rElec)
You can survive without breathing.
You are immune to petrification.
You are immune to rotting.


Message History

You sock Menkaure!
Menkaure is heavily damaged.
Menkaure points at you and mumbles some strange words.
You are unaffected.
You hit Menkaure.
Menkaure is heavily damaged.
You block Menkaure's attack. Menkaure hits you!
* * * LOW HITPOINT WARNING * * *
You fade into invisibility!
You block Menkaure's attack.
You are very lightly contaminated with residual magic.
You hit Menkaure.
Menkaure is severely damaged.
Menkaure points at you and mumbles some strange words.
Pain shoots through your body!
* * * LOW HITPOINT WARNING * * *
You completely miss Menkaure.
Menkaure is severely damaged.
Menkaure barely misses you. Menkaure hits you!
You die...

###.....<.######..####
###......#### #..#
#.......## #..#
..#.....#### #..#
...........## ...
###.........##
#.(........#
#..........#
#....@†....#
#...M......#
#....>........
##..........($
#..........##.
#............
#..........#.
#..........#


You could see Menkaure.

Vanquished Creatures
  Sigmund (D:3)
  A scorpion (D:4)
  2 hounds
  A bullfrog skeleton (D:5)
  An orc wizard (D:3)
  3 adders (D:3)
  An adder skeleton (D:4)
  A worm (D:2)
  3 dart slugs
  4 leopard geckos
  5 orcs (D:3)
  7 bats
  A giant cockroach (D:4)
  6 goblins
  5 hobgoblins
  6 jackals
  A quokka (D:4)
  4 frilled lizards
  A jackal skeleton (D:4)
  9 kobolds
  9 rats
72 creatures vanquished.

Notes
Turn   | Place    | Note
-------+----------+-------------------------------------------
     0 | D:1      | vishdafish the Gargoyle Fighter began the quest for the Orb.
     0 | D:1      | Reached XP level 1. HP: 14/14 MP: 1/1
   211 | D:1      | Reached XP level 2. HP: 19/19 MP: 2/2
   810 | D:1      | Reached XP level 3. HP: 23/23 MP: 3/3
   940 | D:2      | Found a faded altar of an unknown god.
  1110 | D:2      | Reached skill level 4 in Shields
  1298 | D:3      | Reached XP level 4. HP: 25/29 MP: 4/4
  1358 | D:3      | Noticed Sigmund
  1368 | D:3      | Killed Sigmund
  1368 | D:3      | Reached XP level 5. HP: 27/33 MP: 5/5
  1368 | D:3      | Reached XP level 6. HP: 31/38 MP: 6/6
  2503 | D:4      | Reached skill level 5 in Shields
  2527 | D:4      | Found a snail-covered altar of Cheibriados.
  2544 | D:4      | Became a worshipper of Cheibriados the Contemplative
  2832 | D:5      | Entered Level 5 of the Dungeon
  2867 | D:5      | Noticed Menkaure
  2878 | D:5      | Mangled by Menkaure

Skill      XL: |  1  2  3  4  5  6 |
---------------+-------------------+-----
Shields        | 4 5 |  5.1
Fighting       | 4 |  4.6
Maces & Flails | 3 4 |  4.4
Armour         | 4 |  4.7
Dodging        | |  0.1

Action                   |  1- 3 |  4- 6 || total
-------------------------+-------+-------++-------
Melee: Flail             |   189 |   143 ||   332
  Use: Potion            |       |     2 ||     2
       Scroll            |       |     6 ||     6
  Eat: Chunk             |     1 |     6 ||     7
Armor: Scale mail        |   145 |    83 ||   228
Dodge: Dodged            |    63 |    36 ||    99
Block: Shield            |   110 |    71 ||   181
